AoeStats
← andrea90d23

Arabia

510219023Analyzed
1v1 RM · 15h ago on Sep 30, 2026· 48m 7s· 2 players
Game mode
Random Map
Map size
Tiny (2 player)
Population
200
Speed
Normal
Resources
Standard
Victory
Conquest
Starting age
Dark Age
Ending age
Imperial Age
RankedLock teamsTeams togetherTeam positionsShared explorationLock speedFull tech treeHidden civsTurbo modeCheats
Victory
Defeat
🇦🇷 Cumans · Argentina
1194
+17
🇹🇷 Mongols · Türkiye
1208
-17
andrea90d23
6:34 Loom
9:36 Feudal Age
11:00 Double-Bit Axe
11:35 Horse Collar
24:21 Castle Age
24:04 Bloodlines
24:08 Forging
24:04 Scale Barding Armor
26:18 Town Watch
29:43 Wheelbarrow
30:39 Iron Casting
33:47 Chain Barding Armor
36:46 Light Cavalry
38:55 Steppe Husbandry
39:07 Town Patrol
39:38 Hand Cart
41:27 Capped Ram
43:42 Bow Saw
48:28 Imperial Age
materialsublot
8:04 Feudal Age
8:21 Man-at-Arms
10:46 Arson
12:17 Double-Bit Axe
18:11 Loom
21:08 Castle Age
20:32 Bloodlines
21:29 Scale Barding Armor
21:16 Fletching
21:38 Crossbowman
25:07 Padded Archer Armor
25:03 Bodkin Arrow
26:57 Squires
28:06 Pikeman
29:28 Husbandry
34:35 Thumb Ring
37:58 Bow Saw
37:44 Horse Collar
38:29 Town Watch
42:17 Imperial Age
42:05 Masonry
45:08 Conscription
46:08 Parthian Tactics
Connection lost

Rejoining the realm…

Still unreachable

The connection could not be restored.

Session expired

The server has moved on; the page needs a fresh start.